AoeStats
← 所以狼

Arena

510747173Analyzed
4v4 RM · 22h ago on Oct 2, 2026· 25m 19s· 8 players
Game mode
Random Map
Map size
Large (8 player)
Population
200
Speed
Normal
Resources
Standard
Victory
Conquest
Starting age
Dark Age
Ending age
Imperial Age
RankedLock teamsTeams togetherTeam positionsShared explorationLock speedFull tech treeHidden civsTurbo modeCheats
Victory
Defeat
🇬🇧 Portuguese · United Kingdom
1173
+16
🇨🇳 Sicilians · China
1145
+18
🇨🇳 Spanish · China
1140
+18
🇨🇳 Khmer · China
1122
+18
🇦🇷 Bengalis · Argentina
1212
-18
🇬🇧 Goths · United Kingdom
1210
-19
🇨🇳 Saxons · China
1154
-17
🇩🇪 Teutons · Germany
1138
-16
kqq
12:23 Feudal Age
16:07 Castle Age
15:45 Double-Bit Axe
20:05 Imperial Age
25:42 Chemistry
25:10 Loom
25:35 Horse Collar
xiexieBB
5:03 Loom
10:55 Feudal Age
12:25 Wheelbarrow
12:00 Horse Collar
12:08 Double-Bit Axe
16:13 Castle Age
18:15 Bow Saw
18:18 Heavy Plow
23:16 Gold Mining
23:16 Stone Mining
25:59 Gold Shaft Mining
zhenyy
3:59 Loom
11:02 Feudal Age
12:06 Double-Bit Axe
14:44 Castle Age
14:31 Horse Collar
16:14 Bow Saw
20:06 Wheelbarrow
22:45 Stone Mining
23:09 Gold Mining
25:44 Loom
所以狼
11:13 Feudal Age
15:05 Castle Age
13:56 Double-Bit Axe
13:56 Horse Collar
14:47 Forging
25:26 Scale Mail Armor
25:17 Fletching
WiLLeX
5:21 Loom
10:27 Feudal Age
14:57 Castle Age
13:23 Double-Bit Axe
18:04 Fervor
18:09 Fervor
20:56 Wheelbarrow
20:06 Town Watch
20:31 Horse Collar
EMI
10:45 Feudal Age
12:10 Double-Bit Axe
14:51 Castle Age
12:52 Horse Collar
17:15 Bow Saw
18:43 Pikeman
22:22 Loom
23:19 Squires
22:40 Man-at-Arms
23:25 Scale Mail Armor
SOG.Vexon
9:23 Feudal Age
9:51 Double-Bit Axe
12:19 Loom
15:07 Castle Age
13:22 Horse Collar
15:16 Gold Mining
16:05 Bow Saw
18:13 Heavy Plow
23:48 Bloodlines
25:14 Wheelbarrow
MyGO.Soyo
12:05 Feudal Age
14:18 Wheelbarrow
13:31 Double-Bit Axe
16:38 Castle Age
14:42 Horse Collar
15:28 Scale Mail Armor
17:58 Bow Saw
17:51 Heavy Plow
18:03 Loom
Connection lost

Rejoining the realm…

Still unreachable

The connection could not be restored.

Session expired

The server has moved on; the page needs a fresh start.